 Dungeon Crawl Stone Soup version 0.28-a0-224-g76b539d98b (webtiles) character file.

Game seed: 1568911888096436157

5312 Smaepdii the Cleaver (level 10, -18/91 HPs)
             Began as a Minotaur Berserker on Aug 21, 2021.
             Was an Elder of Trog.
             Demolished by a cyan very ugly thing (26 damage)
             ... on level 8 of the Dungeon.
             The game lasted 00:29:56 (7987 turns).

Smaepdii the Cleaver (Minotaur Berserker)           Turns: 7987, Time: 00:29:56

Health: -18/91     AC:  4    Str: 22    XL:     10   Next: 37%
Magic:  0/9        EV: 11    Int:  4    God:    Trog [****..]
Gold:   227        SH:  0    Dex: 13    Spells: 9/9 levels left

rFire   . . .      SeeInvis .   B - +2 hand axe (vamp)
rCold   + . .      Faith    .   (no shield)
rNeg    . . .      Spirit   +   v - +0 chain mail
rPois   .          Reflect  .   t - +0 hat
rElec   .          Harm     .   b - scarf {repulsion}
rCorr   .          Rampage  .   q - +0 pair of gloves
Will    .....                   (no boots)
Stlth   ..........              p - amulet of guardian spirit
HPRegen 0.25/turn               j - ring of protection from cold
MPRegen 0.11/turn               (no ring)

@: corroded, on berserk cooldown, slowed, repel missiles, very slow
A: horns 2, retaliatory headbutt
a: Renounce Religion, Berserk, Trog's Hand, Brothers in Arms


You were on level 8 of the Dungeon.
You worshipped Trog.
Trog was greatly pleased with you.
You visited 1 branch of the dungeon, and saw 8 of its levels.

You collected 491 gold pieces.
You spent 264 gold pieces at shops.

Inventory:

Hand Weapons
 l - a +1 vorpal war axe
 B - a +2 vampiric hand axe (weapon)
Missiles
 C - 5 throwing nets (quivered)
Armour
 b - a scarf of repulsion (worn)
 q - a +0 pair of gloves (worn)
 t - a +0 hat (worn)
 v - a +0 chain mail (worn)
 x - a +0 ring mail of poison resistance
Jewellery
 e - an amulet of the acrobat
 j - a ring of protection from cold (left hand)
 m - a ring of ice
 p - an amulet of guardian spirit (around neck)
Wands
 o - a wand of acid (4)
 r - a wand of iceblast (8)
 y - a wand of flame (15)
 D - a wand of polymorph (8)
Scrolls
 h - a scroll of vulnerability
 k - 5 scrolls of identify
 s - a scroll of enchant weapon
 z - a scroll of fear {unknown}
 A - 3 scrolls of holy word
Potions
 a - a potion of cancellation {unknown}
 c - a potion of resistance {unknown}
 d - a potion of lignification {unknown}
 f - 3 potions of attraction {unknown}
 g - 2 potions of degeneration {unknown}
 i - 3 potions of heal wounds
 n - 4 potions of brilliance {unknown}
 u - 3 potions of magic
 w - a potion of curing {unknown}


   Skills:
 + Level 9.1 Fighting
 * Level 12.0 Axes
 + Level 8.7 Armour
 + Level 7.9 Dodging


You had 9 spell levels left.
You didn't know any spells.
Your spell library was empty.

Dungeon Overview and Level Annotations

Branches:
Dungeon (8/15)             Temple (0/1) D:4
   Lair: D:8-11

Altars:
Gozag
Kikubaaqudgha
Nemelex Xobeh
Okawaru
Trog

Shops:
D:4 *   D:6 *


Innate Abilities, Weirdness & Mutations

You have a pair of horns on your head.
You reflexively headbutt those who attack you in melee.


Message History

You hit the white very ugly thing.
The white very ugly thing is severely wounded.
You hit the white very ugly thing but do no damage.
The white very ugly thing is severely wounded.
The white very ugly thing gores you! The white very ugly thing freezes you!
You resist.
You barely miss the white very ugly thing.
Your headbutt misses the white very ugly thing.
The white very ugly thing is severely wounded.
You slash the white very ugly thing!
You feel better.
Your headbutt misses the white very ugly thing.
The white very ugly thing is almost dead.
The white very ugly thing gores you! The white very ugly thing freezes you!
You resist.
You barely miss the white very ugly thing.
The white very ugly thing is almost dead.
You barely miss the white very ugly thing.
You headbutt the white very ugly thing.
The white very ugly thing is almost dead.
The white very ugly thing basks in the mutagenic energy from its kin and changes!
You hit the cyan very ugly thing but do no damage.
The cyan very ugly thing is almost dead.
You hit the cyan very ugly thing but do no damage.
Your headbutt misses the cyan very ugly thing.
The cyan very ugly thing is almost dead.
You are no longer berserk.
You are exhausted.
You feel yourself slow down.
You hit the cyan very ugly thing.
You feel better.
You headbutt the cyan very ugly thing, but do no damage.
The cyan very ugly thing is almost dead.
The cyan very ugly thing tentacle-slaps you!!
* * * LOW HITPOINT WARNING * * *
The cyan very ugly thing shocks you!!
* * * LOW HITPOINT WARNING * * *
You feel much better.
The cyan very ugly thing tentacle-slaps you!!
* * * LOW HITPOINT WARNING * * *
The cyan very ugly thing shocks you!!
You die...

########
############.#....#.
.......@uuu..#.#.#.#
###########..'....#.
#..'!.#... #..'.!..#
#..#.#.#ยง#
#..#....#. #.#######
#.# #.#


You could see a cyan very ugly thing and 2 ugly things.

Vanquished Creatures
  Harold (D:7)
  Pikel (D:8)
  An ugly thing (D:8)
  Maggie (D:7)
  A wyvern (D:8)
  Menkaure (D:6)
  A steam dragon (D:7)
  A water moccasin (D:6)
  An ice beast (D:8)
  An orc warrior (D:7)
  2 sky beasts
  A black bear (D:7)
  6 necrophages
  An ogre (D:6)
  4 centaurs
  3 lemures (D:8)
  Blork the orc (D:6)
  2 bullfrogs
  A scorpion (D:7)
  A water moccasin zombie (D:7)
  A wyvern skeleton (D:7)
  A wight (D:7)
  4 howler monkeys
  A centaur zombie (D:7)
  5 hounds
  2 orc priests
  3 jellies (D:4)
  3 bullfrog skeletons (D:6)
  A gnoll shaman (D:7)
  4 iguanas
  5 orc wizards
  2 killer bee zombies
  A hound zombie (D:5)
  Robin (D:2)
  9 gnolls
  12 adders
  2 river rats (D:4)
  3 white imps
  An ufetubus (D:7)
  An adder skeleton (D:4)
  3 worms
  A dart slug (D:2)
  21 orcs
  11 ball pythons
  3 bats
  17 endoplasms
  2 giant cockroaches (D:4)
  16 goblins
  8 hobgoblins
  6 jackals
  4 quokkas
  2 frilled lizards (D:2)
  11 kobolds
  12 rats
  A toadstool (D:4)
212 creatures vanquished.

Vanquished Creatures (others)
  2 fungi (D:4)
  8 toadstools (D:4)
10 creatures vanquished.

Grand Total: 222 creatures vanquished

Notes
Turn   | Place    | Note
-------+----------+-------------------------------------------
     0 | D:1      | Smaepdii the Minotaur Berserker began the quest for the
                  | Orb.
     0 | D:1      | Reached XP level 1. HP: 19/19 MP: 0/0
   159 | D:1      | Reached XP level 2. HP: 18/27 MP: 1/1
   314 | D:1      | Reached skill level 4 in Axes
   532 | D:1      | Found a faded altar of an unknown god.
  1017 | D:2      | Reached ** piety under Trog
  1018 | D:2      | Reached XP level 3. HP: 28/33 MP: 2/2
  1427 | D:2      | You fall into a shaft and drop 2 floors!
  1449 | D:4      | Reached XP level 4. HP: 35/40 MP: 3/3
  1568 | D:4      | Reached skill level 5 in Axes
  1579 | D:4      | Reached XP level 5. HP: 11/47 MP: 4/4
  1830 | D:4      | Found an iron altar of Okawaru.
  2149 | D:2      | You fall into a shaft and drop 2 floors!
  2235 | D:3      | Reached XP level 6. HP: 55/55 MP: 5/5
  2771 | D:3      | Noticed Robin
  2784 | D:2      | Killed Robin
  2893 | D:2      | Reached *** piety under Trog
  2894 | D:2      | Reached skill level 5 in Fighting
  2969 | D:3      | Reached skill level 6 in Axes
  4274 | D:4      | Found a staircase to the Ecumenical Temple.
  4285 | D:4      | Reached XP level 7. HP: 50/61 MP: 3/6
  4376 | D:4      | Found Gael's Serpentskin Sales.
  4400 | D:4      | Bought a +0 ring mail of poison resistance for 96 gold
                  | pieces
  4404 | D:4      | Identified the +1 flail "Zykuoc" {venom, Will+ Int+4}
  4569 | D:5      | Entered Level 5 of the Dungeon
  4586 | D:5      | Reached skill level 7 in Axes
  4770 | D:5      | Reached **** piety under Trog
  4771 | D:5      | Reached skill level 5 in Armour
  5132 | D:5      | Found a bloodstained altar of Trog.
  5432 | D:5      | Reached skill level 5 in Dodging
  5432 | D:5      | Reached XP level 8. HP: 69/70 MP: 7/7
  5663 | D:6      | Reached skill level 8 in Axes
  5860 | D:6      | Found an ancient bone altar of Kikubaaqudgha.
  5931 | D:6      | Found Egruarphu's Elemental Accessories.
  5938 | D:6      | Bought a wand of iceblast (8) for 168 gold pieces
  5966 | D:6      | Noticed Menkaure
  5969 | D:6      | Killed Menkaure
  5990 | D:6      | Reached skill level 9 in Axes
  6084 | D:6      | Noticed Blork the orc
  6086 | D:6      | Found an opulent altar of Gozag.
  6103 | D:6      | Killed Blork the orc
  6276 | D:6      | Reached XP level 9. HP: 79/79 MP: 8/8
  6554 | D:7      | Reached skill level 10 in Axes
  6645 | D:7      | Found a sand-covered staircase.
  6646 | D:7      | Noticed Maggie
  6658 | D:7      | Killed Maggie
  7527 | D:7      | Noticed Harold
  7540 | D:7      | Killed Harold
  7541 | D:7      | Reached skill level 11 in Axes
  7541 | D:7      | Reached XP level 10. HP: 90/90 MP: 7/9
  7671 | D:8      | Noticed Pikel
  7704 | D:8      | Killed Pikel
  7783 | D:8      | Found a sparkling altar of Nemelex Xobeh.
  7931 | D:8      | Found a runed translucent gate.
  7932 | D:8      | Found a runed translucent gate.
  7932 | D:8      | Found a runed translucent gate.
  7934 | D:8      | Noticed a brown ugly thing
  7934 | D:8      | Noticed a brown ugly thing
  7935 | D:8      | Noticed a brown ugly thing
  7935 | D:8      | Noticed a brown very ugly thing
  7963 | D:8      | Killed a brown ugly thing
  7964 | D:8      | Reached skill level 12 in Axes
  7986 | D:8      | HP: 3/91 [cyan very ugly thing (19)]
  7987 | D:8      | Demolished by a cyan very ugly thing

Illustrated notes

Levels and vault maps discovered:
D:1:      minmay_arrival_four_houses, layout_loops_ring,
          shapermc_ecumenical_altar_mp_vishouse, amethyst_killhole,
          minmay_rat_gold_closets
D:2:      layout_rooms, minivault_5, serial_park_tiny_pond, minmay_pentomino_p4
D:3:      layout_loops_ring, kennysheep_potato, uniq_robin
D:4:      cheibrodos_fertilizer, layout_gridville, old_standard_altar,
          minmay_temple_entry_junction, portal_sewer_entry_b,
          guppyfry_shop_venom
D:5:      layout_rooms, old_standard_altar, chequers_garden,
          chequers_decorated_corner
D:6:      layout_basic, mainiacjoe_overflow_cross_hatched, grunt_gozag_statues,
          nicolae_elemental_shop, uniq_menkaure, uniq_blork_the_orc
D:7:      minmay_skewed_foursquare, layout_rooms, nicolae_ossuary_entry_ruins,
          serial_rivers, chequers_serial_rivers_micro_b,
          chequers_serial_rivers_micro_b, chequers_serial_rivers_room_a,
          chequers_serial_rivers_micro_c, chequers_serial_rivers_room_a,
          minmay_fractal_squares_5, uniq_harold, uniq_maggie
D:8:      minmay_the_grid_triangle_9x9_rhombus_thin
          [minmay_the_grid_triangle_9x9_shrine,
          minmay_the_grid_triangle_9x9_prize_center,
          minmay_the_grid_triangle_9x9_impossible_snake,
          minmay_the_grid_triangle_9x9_zippers_horizontal], layout_loops_ring,
          pf_just_have_faith, nemelex_diamond_rough_becter,
          erik_lair_orcish_takeover,
          ploomutoo_gammafunk_ghost_potion_laboratory, bh_walls_and_bars,
          uniq_maurice, uniq_joseph, uniq_pikel

Skill      XL: |  1  2  3  4  5  6  7  8  9 10 |
---------------+-------------------------------+-----
Axes           | 4 5 6 7 9 11 12 | 12.0
Fighting       | 4 5 6 7 8 9 |  9.1
Armour         | 3 4 5 6 8 |  8.7
Dodging        | 3 4 5 6 7 |  7.9

Action                   |  1- 3 |  4- 6 |  7- 9 | 10-12 || total
-------------------------+-------+-------+-------+-------++-------
Melee: Hand axe          |    75 |       |    12 |    88 ||   175
       Headbutt          |    15 |    24 |    43 |    21 ||   103
       War axe           |     4 |   162 |   196 |       ||   362
Invok: Berserk           |     1 |     3 |     6 |     2 ||    12
       Trog's Hand       |       |     2 |     1 |       ||     3
  Use: Scroll            |       |       |    10 |       ||    10
       Potion            |       |       |       |     1 ||     1
 Stab: Sleeping          |     1 |       |       |       ||     1
Armor: Animal skin       |    13 |       |       |       ||    13
       Scale mail        |     2 |    46 |       |       ||    48
       Chain mail        |       |    17 |   100 |    23 ||   140
Dodge: Dodged            |    45 |   115 |   100 |    24 ||   284
       Repelled          |       |     1 |     2 |       ||     3

Table legend: (Time is in decaauts)
 A = Elapsed time spent in this place.
 B = Non-inter-level travel time spent in this place.
 C = Inter-level travel time spent in this place.
 D = Time resting spent in this place.
 E = Time spent auto-exploring this place.
 F = Levels seen in this place.
 G = Mean time per level.
                   A        B        C        D        E       F      G
               +--------+--------+--------+--------+--------+-----+--------+
         Total |   8107 |   7877 |    230 |   2144 |   4051 |   8 | 1013.4 |
       Dungeon |   8107 |   7877 |    230 |   2144 |   4051 |   8 | 1013.4 |
               +--------+--------+--------+--------+--------+-----+--------+

Top non-repeatable levels by time:
     D:4: 1471 daAuts
     D:7: 1326 daAuts
     D:2: 1144 daAuts
     D:3: 1113 daAuts
     D:1: 1010 daAuts
     D:5: 999 daAuts
     D:6: 740 daAuts
     D:8: 301 daAuts
